 Dungeon Crawl Stone Soup version 0.31-a0-1338-gb567cfdca4 (webtiles) character file.

Game seed: 16024972522211326804

24 grandjackal the Trooper (level 3, 0/37 HPs)
             Began as an Oni Warper on Dec 22, 2023.
             Was a Follower of Okawaru.
             Succumbed to an adder's poison
             ... on level 2 of the Dungeon.
             The game lasted 00:00:57 (1074 turns).

grandjackal the Trooper (Oni Warper)                Turns: 1074, Time: 00:00:58

Health: 0/37       AC:  3    Str: 15    XL:     3   Next: 2%
Magic:  7/7        EV:  9    Int: 16    God:    Okawaru [*.....]
Gold:   114        SH:  0    Dex:  8    Spells: 3/7 levels left

rFire   . . .        a - +0 mace
rCold   . . .        (no shield)
rNeg    . . .        b - +0 robe
rPois   .            (helmet restricted)
rElec   .            (no cloak)
rCorr   .            (gloves unavailable)
SInv    .            (boots unavailable)
Will    .....        (no amulet)
Stlth   +            (no ring)
HPRegen 0.26/turn    (no ring)
MPRegen 0.10/turn

%: no passive effects
@: lethally poisoned (0 -> -6), attractive
A: drunken brawling, large, unfitting armour, horns 1, tough skin 1, double
potion healing
a: Renounce Religion, Heroism


You were on level 2 of the Dungeon.
You worshipped Okawaru.
Okawaru was aware of your devotion.
You visited 1 branch of the dungeon, and saw 2 of its levels.

You collected 114 gold pieces.

Inventory:

Hand Weapons
 a - a +0 mace (weapon)
Missiles
 d - 7 darts of dispersal (quivered)
Armour
 b - a +0 robe (worn)
Scrolls
 c - a scroll of blinking
 e - a scroll of revelation {unknown}
 f - a scroll of amnesia {unknown}
 h - 2 scrolls of teleportation {unknown}
 j - 3 scrolls of poison {unknown}
Potions
 i - a potion of ambrosia {unknown}
 k - a potion of might {unknown}


   Skills:
 + Level 3.2 Fighting
 + Level 2.3 Maces & Flails
 - Level 1.0 Throwing
 - Level 2.1 Dodging
 + Level 2.8 Spellcasting
 + Level 3.0 Translocations
 + Level 0.2 Invocations


You had 3 spell levels left.
You knew the following spells:

 Your Spells              Type           Power      Damage    Failure   Level
a - Blink                 Tloc           22%        N/A       9%          2
b - Lesser Beckoning      Tloc           22%        N/A       9%          2

Your spell library contained the following spells:

 Spells                   Type           Power      Damage    Failure   Level
 Teleport Other           Tloc           11%        N/A       17%         3
 Manifold Assault         Tloc           11%        N/A       50%         4
 Vhi's Electric Charge    Tloc/Air       14%        N/A       71%         4


Dungeon Overview and Level Annotations

Branches:
Dungeon (2/15)

Altars:
Okawaru


Innate Abilities, Weirdness & Mutations

Whenever you drink a potion that restores your health or magic, you attack all enemies around you.
You are too large for most types of armour.
You have a pair of small horns on your head.
You have tough skin. (AC +1)
Whenever you drink a potion that restores your health or magic, it restores twice as much.


Message History

You barely miss the adder. The adder bites you. x2
You are poisoned.
The adder poisons you!
You hit the adder but do no damage.
You feel very sick. The adder bites you.
You are more poisoned.
The adder poisons you!
You miss the adder.
You feel very sick. The adder barely misses you. x2
You closely miss the adder. Your headbutt misses the adder.
Your punch misses the adder.
You feel sick. The adder bites you but does no damage.
The adder closely misses you.
You closely miss the adder.
You feel sick. The adder bites you but does no damage.
You miss the adder.
You feel sick. The adder bites you.
You are more poisoned.
The adder poisons you! The adder bites you.
* * * LOW HITPOINT WARNING * * *
You barely miss the adder.
* * * LOW HITPOINT WARNING * * *
You feel very sick. The adder barely misses you.
The adder bites you but does no damage.
You closely miss the adder.
You feel sick. The adder bites you but does no damage.
You sock the adder! Your headbutt misses the adder.
The adder is severely wounded.
You feel sick. The adder bites you.
* * * LOW HITPOINT WARNING * * *
The adder barely misses you.
You barely miss the adder. Your headbutt misses the adder.
The adder is severely wounded.
You feel sick. The adder bites you but does no damage. The adder bites you.
* * * LOW HITPOINT WARNING * * *
You are more poisoned.
The adder poisons you!
It was a potion of attraction.
You feel attractive to monsters.
You die...

#....<..# #.....#
#.......# #.....#
.#.###'######..(..#
#............+.....#
#..#........##.....#
#........##)....###
####......)........
#.#.#####.###.#........
#....S@.#.#...#........
#######.###.####.......
#.....# #.......
####### #.......
#....... #.......
#....... #.......
#.......


You could see an adder.

Vanquished Creatures
  2 dart slugs (D:1)
  An endoplasm (D:1)
  3 hobgoblins (D:1)
  2 quokkas (D:1)
  2 ball pythons
  2 bats
  2 frilled lizards (D:1)
  5 kobolds
  2 rats
21 creatures vanquished.

Notes
Turn   | Place    | Note
-------+----------+-------------------------------------------
     0 | D:1      | grandjackal the Oni Warper began the quest for the Orb.
     0 | D:1      | Reached XP level 1. HP: 22/22 MP: 3/3
   113 | D:1      | Reached XP level 2. HP: 29/29 MP: 5/5
   132 | D:1      | Learned a level 2 spell: Blink
   135 | D:1      | Learned a level 2 spell: Lesser Beckoning
   609 | D:1      | Found a faded altar of an unknown god.
   617 | D:1      | Prayed at the altar of an unknown god.
   617 | D:1      | Became a worshipper of Warmaster Okawaru
   617 | D:1      | Reached * piety under Okawaru
  1005 | D:2      | Reached XP level 3. HP: 29/37 MP: 7/7
  1074 | D:2      | Succumbed to an adder's poison

Illustrated notes

Levels and vault maps discovered:
D:1:      roderic_octagonal_star, layout_basic,
          dreamdust_ecumenical_altar_angels_and_demons
D:2:      layout_basic, serial_shops, nicolae_shop_tiny_statue_garden

Skill      XL: |  1  2 |
---------------+-------+-----
Fighting       | 3 |  3.2
Translocations | 3 |  3.0
Maces & Flails | |  2.3
Throwing       | |  1.0
Dodging        | |  2.1
Spellcasting   | |  2.8
Invocations    | |  0.2

Action                     || total
---------------------------++-------
  Melee: Mace              ||    69
         Headbutt          ||     4
    Use: Potion            ||     1
   Stab: Sleeping          ||     1
 Armour: Robe              ||    61
  Dodge: Dodged            ||    39

Table legend: (Time is in decaauts)
 A = Elapsed time spent in this place.
 B = Non-inter-level travel time spent in this place.
 C = Inter-level travel time spent in this place.
 D = Time resting spent in this place.
 E = Time spent auto-exploring this place.
 F = Levels seen in this place.
 G = Mean time per level.
                   A        B        C        D        E       F      G
               +--------+--------+--------+--------+--------+-----+--------+
         Total |   1094 |   1071 |     23 |     66 |    851 |   2 |  547.0 |
       Dungeon |   1094 |   1071 |     23 |     66 |    851 |   2 |  547.0 |
               +--------+--------+--------+--------+--------+-----+--------+

Top non-repeatable levels by time:
     D:1: 992 daAuts
     D:2: 101 daAuts
